[ AOE2 MATCH · #505986170 ]
UnrankedArmenians vs Mongols
Player's team · LOSS
Rival team · WIN
[ REPLAY ANALYSIS · EXTRACTED FROM THE RECORDED GAME ]
Feudal
11:22
Castle
24:38
Imperial
—
| APM avg | 46.9 |
| APM peak | 68 |
| eAPM avg | 23.3 |
| Villagers / military | 77 / 56 |
Focus
⚔️ 46.3% · 🌾 53.7%
Archer ×43 · Scout Cavalry ×5 · Spearman ×4 · Militia ×3 · Skirmisher ×1
Feudal
8:01
Castle
22:10
Imperial
—
| APM avg | 61.4 |
| APM peak | 89 |
| eAPM avg | 20.9 |
| Villagers / military | 59 / 51 |
Focus
⚔️ 54.8% · 🌾 45.2%
Cavalry Archer ×30 · Archer ×9 · Skirmisher ×6 · Scout Cavalry ×5 · Spearman ×1
Match map
Initial resources + every placement click. Lines = walls · curves = elevation contours. ◆ gold · ⬟ stone · ● berries · ✦ relic · ◌ wall gap
Your base· Open — 4t gap
赤いドラゴン's base· Open — 7t gap
Smoothed initial terrain · ◌ = detected wall gap · hover for details
Inputs per minute
— ♣ Juanmpi ♣ - - 赤いドラゴン
Build order — ♣ Juanmpi ♣
First 150 of 215 actions detected
| 0:00 | Queue | Villager (Male) |
| 0:01 | Build | House |
| 0:02 | Build | House |
| 0:06 | Queue | Villager (Male) |
| 0:07 | Queue | Villager (Male) |
| 0:07 | Queue | Villager (Male) |
| 1:24 | Queue | Villager (Male) |
| 2:04 | Queue | Villager (Male) |
| 2:19 | Queue | Villager (Male) |
| 2:48 | Queue | Villager (Male) |
| 2:52 | Queue | Villager (Male) |
| 3:31 | Build | House |
| 3:36 | Queue | Villager (Male) |
| 3:36 | Queue | Villager (Male) |
| 3:36 | Queue | Villager (Male) |
| 3:56 | Queue | Villager (Male) |
| 4:09 | Build | Barracks |
| 4:34 | Queue | Villager (Male) |
| 5:03 | Build | Mule Cart |
| 5:13 | Queue | Militia |
| 5:16 | Queue | Villager (Male) |
| 5:27 | Queue | Villager (Male) |
| 5:37 | Queue | Militia |
| 5:55 | Research | Loom |
| 6:00 | Build | House |
| 6:11 | Queue | Villager (Male) |
| 6:34 | Queue | Militia |
| 6:37 | Build | House |
| 6:38 | Queue | Villager (Male) |
| 6:49 | Queue | Villager (Male) |
| 7:21 | Queue | Villager (Male) |
| 7:26 | Queue | Villager (Male) |
| 7:55 | Queue | Villager (Male) |
| 7:58 | Build | Mule Cart |
| 8:00 | Queue | Villager (Male) |
| 8:23 | Build | Mill |
| 9:12 | Research | Feudal Age |
| 9:43 | Queue | Spearman |
| 10:11 | Queue | Villager (Male) |
| 10:25 | Queue | Spearman |
| 10:44 | Build | Palisade Wall |
| 10:46 | Build | Farm |
| 10:46 | Build | Farm |
| 10:47 | Build | Farm |
| 10:47 | Build | Farm |
| 10:47 | Build | Farm |
| 10:54 | Queue | Villager (Male) |
| 11:00 | Queue | Spearman |
| 11:14 | Queue | Villager (Male) |
| 11:18 | Build | House |
| 11:22 | Age | Feudal Age |
| 11:24 | Queue | Villager (Male) |
| 11:38 | Queue | Villager (Male) |
| 11:42 | Build | House |
| 11:44 | Build | Palisade Wall |
| 11:56 | Queue | Villager (Male) |
| 11:59 | Build | Farm |
| 12:01 | Queue | Villager (Male) |
| 12:19 | Build | Palisade Wall |
| 12:33 | Build | House |
| 12:49 | Build | Farm |
| 12:49 | Queue | Villager (Male) |
| 12:53 | Build | House |
| 12:54 | Queue | Villager (Male) |
| 13:08 | Research | Double-Bit Axe |
| 13:09 | Queue | Villager (Male) |
| 13:23 | Build | Palisade Wall |
| 13:46 | Build | House |
| 13:59 | Build | Archery Range |
| 14:12 | Queue | Villager (Male) |
| 14:22 | Build | House |
| 14:28 | Build | Farm |
| 14:31 | Build | Farm |
| 14:32 | Queue | Villager (Male) |
| 14:34 | Build | Farm |
| 14:35 | Queue | Villager (Male) |
| 14:40 | Build | House |
| 14:43 | Queue | Villager (Male) |
| 14:45 | Queue | Archer |
| 14:50 | Build | Farm |
| 14:55 | Queue | Villager (Male) |
| 15:05 | Build | House |
| 15:09 | Build | Farm |
| 15:10 | Build | Farm |
| 15:12 | Queue | Villager (Male) |
| 15:16 | Build | Palisade Wall |
| 15:23 | Queue | Archer |
| 15:37 | Queue | Spearman |
| 15:47 | Build | Blacksmith |
| 15:48 | Queue | Villager (Male) |
| 15:53 | Queue | Villager (Male) |
| 15:59 | Queue | Villager (Male) |
| 16:01 | Queue | Villager (Male) |
| 16:09 | Queue | Archer |
| 16:11 | Build | House |
| 16:15 | Queue | Archer |
| 16:20 | Build | Palisade Wall |
| 16:21 | Build | House |
| 16:23 | Queue | Archer |
| 16:25 | Build | Farm |
| 16:27 | Build | Farm |
| 16:28 | Queue | Archer |
| 16:33 | Queue | Archer |
| 16:41 | Queue | Villager (Male) |
| 16:49 | Build | Farm |
| 16:50 | Queue | Villager (Male) |
| 16:53 | Build | Farm |
| 16:58 | Build | House |
| 17:13 | Queue | Skirmisher |
| 17:16 | Queue | Villager (Male) |
| 17:24 | Build | Stable |
| 17:24 | Queue | Villager (Male) |
| 17:33 | Build | Palisade Wall |
| 17:35 | Build | Palisade Wall |
| 17:36 | Build | Palisade Wall |
| 17:37 | Build | Palisade Wall |
| 17:52 | Queue | Scout Cavalry |
| 18:11 | Research | Fletching |
| 18:11 | Queue | Villager (Male) |
| 18:18 | Build | House |
| 18:21 | Queue | Scout Cavalry |
| 18:22 | Queue | Villager (Male) |
| 18:27 | Build | Palisade Gate |
| 18:47 | Build | Farm |
| 18:57 | Queue | Archer |
| 19:34 | Queue | Archer |
| 19:34 | Queue | Archer |
| 19:37 | Queue | Scout Cavalry |
| 19:44 | Queue | Scout Cavalry |
| 19:46 | Build | House |
| 19:48 | Build | House |
| 19:49 | Queue | Villager (Male) |
| 20:04 | Queue | Villager (Male) |
| 20:10 | Build | Farm |
| 20:11 | Queue | Scout Cavalry |
| 20:15 | Build | Farm |
| 20:20 | Queue | Villager (Male) |
| 20:22 | Queue | Archer |
| 20:26 | Queue | Villager (Male) |
| 20:46 | Queue | Villager (Male) |
| 20:56 | Build | Market |
| 21:17 | Build | House |
| 21:19 | Build | House |
| 21:31 | Build | House |
| 21:32 | Queue | Villager (Male) |
| 21:33 | Build | Farm |
| 21:58 | Research | Castle Age |
| 22:09 | Queue | Archer |
| 22:20 | Build | Farm |
| 22:20 | Build | Farm |
Build order — 赤いドラゴン
First 150 of 193 actions detected
| 0:01 | Queue | Villager (Male) |
| 0:01 | Queue | Villager (Male) |
| 0:02 | Build | House |
| 0:03 | Build | House |
| 0:25 | Queue | Villager (Male) |
| 1:04 | Queue | Villager (Male) |
| 1:28 | Queue | Villager (Male) |
| 2:02 | Queue | Villager (Male) |
| 2:02 | Queue | Villager (Male) |
| 2:09 | Build | Lumber Camp |
| 2:24 | Queue | Villager (Male) |
| 2:42 | Queue | Villager (Male) |
| 3:01 | Queue | Villager (Male) |
| 3:28 | Queue | Villager (Male) |
| 3:47 | Queue | Villager (Male) |
| 4:10 | Build | House |
| 4:28 | Queue | Villager (Male) |
| 4:57 | Queue | Villager (Male) |
| 5:21 | Build | Mill |
| 5:25 | Research | Loom |
| 5:48 | Research | Feudal Age |
| 7:29 | Build | Barracks |
| 7:45 | Queue | Villager (Male) |
| 8:01 | Age | Feudal Age |
| 8:03 | Research | Double-Bit Axe |
| 8:27 | Queue | Villager (Male) |
| 8:32 | Build | Stable |
| 8:46 | Build | House |
| 8:49 | Build | Palisade Wall |
| 8:51 | Build | Palisade Wall |
| 8:53 | Build | Palisade Wall |
| 8:55 | Build | House |
| 8:59 | Queue | Villager (Male) |
| 9:04 | Build | House |
| 9:05 | Build | Palisade Wall |
| 9:08 | Build | Palisade Wall |
| 9:24 | Queue | Villager (Male) |
| 9:25 | Queue | Scout Cavalry |
| 9:44 | Build | Farm |
| 9:46 | Queue | Villager (Male) |
| 9:49 | Queue | Spearman |
| 9:54 | Queue | Scout Cavalry |
| 10:06 | Queue | Villager (Male) |
| 10:08 | Build | Farm |
| 10:14 | Build | House |
| 10:21 | Build | Farm |
| 10:21 | Queue | Villager (Male) |
| 10:40 | Queue | Scout Cavalry |
| 10:57 | Build | Farm |
| 11:04 | Queue | Villager (Male) |
| 11:05 | Build | Farm |
| 11:18 | Build | Farm |
| 11:20 | Build | Farm |
| 11:23 | Queue | Villager (Male) |
| 11:49 | Queue | Villager (Male) |
| 11:55 | Build | Archery Range |
| 12:02 | Build | Palisade Wall |
| 12:06 | Build | Palisade Wall |
| 12:13 | Queue | Villager (Male) |
| 12:41 | Queue | Villager (Male) |
| 12:42 | Queue | Scout Cavalry |
| 13:00 | Queue | Skirmisher |
| 13:00 | Queue | Skirmisher |
| 13:03 | Queue | Villager (Male) |
| 13:14 | Build | Mining Camp |
| 13:22 | Build | House |
| 13:24 | Build | Farm |
| 13:26 | Build | Farm |
| 13:28 | Queue | Skirmisher |
| 13:34 | Queue | Villager (Male) |
| 13:46 | Queue | Skirmisher |
| 14:10 | Build | Palisade Wall |
| 14:12 | Build | Palisade Wall |
| 14:13 | Build | Palisade Wall |
| 14:16 | Build | Farm |
| 14:16 | Queue | Villager (Male) |
| 14:18 | Queue | Scout Cavalry |
| 14:28 | Build | Blacksmith |
| 14:43 | Queue | Villager (Male) |
| 14:47 | Build | House |
| 14:52 | Research | Town Watch |
| 14:56 | Build | House |
| 15:07 | Queue | Skirmisher |
| 15:07 | Queue | Skirmisher |
| 15:11 | Queue | Archer |
| 15:12 | Queue | Archer |
| 15:19 | Research | Fletching |
| 15:23 | Queue | Villager (Male) |
| 15:26 | Build | Farm |
| 15:31 | Queue | Villager (Male) |
| 15:50 | Build | House |
| 15:51 | Queue | Villager (Male) |
| 16:12 | Queue | Villager (Male) |
| 16:18 | Build | Archery Range |
| 16:43 | Queue | Villager (Male) |
| 16:46 | Queue | Archer |
| 16:46 | Queue | Archer |
| 17:02 | Build | Lumber Camp |
| 17:16 | Queue | Archer |
| 17:22 | Queue | Archer |
| 17:22 | Queue | Archer |
| 17:52 | Queue | Villager (Male) |
| 17:53 | Queue | Archer |
| 18:20 | Queue | Villager (Male) |
| 18:36 | Build | House |
| 18:43 | Build | Market |
| 19:30 | Research | Castle Age |
| 20:01 | Queue | Archer |
| 20:04 | Build | Archery Range |
| 20:26 | Build | Archery Range |
| 20:30 | Build | House |
| 21:24 | Build | Palisade Wall |
| 21:26 | Build | Palisade Wall |
| 21:52 | Build | House |
| 21:53 | Build | Palisade Wall |
| 22:10 | Age | Castle Age |
| 22:11 | Queue | Villager (Male) |
| 22:13 | Queue | Cavalry Archer |
| 22:14 | Queue | Cavalry Archer |
| 22:14 | Queue | Cavalry Archer |
| 22:14 | Queue | Cavalry Archer |
| 22:18 | Research | Bodkin Arrow |
| 22:26 | Build | Farm |
| 22:27 | Build | Farm |
| 22:28 | Build | Farm |
| 22:30 | Queue | Villager (Male) |
| 22:31 | Build | House |
| 22:37 | Research | Padded Archer Armor |
| 23:03 | Queue | Villager (Male) |
| 23:04 | Queue | Cavalry Archer |
| 23:04 | Queue | Cavalry Archer |
| 23:06 | Queue | Villager (Male) |
| 23:13 | Build | Town Center |
| 23:18 | Queue | Cavalry Archer |
| 23:23 | Build | Lumber Camp |
| 23:25 | Queue | Villager (Male) |
| 23:29 | Research | Bloodlines |
| 23:33 | Queue | Villager (Male) |
| 23:54 | Queue | Villager (Male) |
| 23:54 | Queue | Cavalry Archer |
| 23:54 | Queue | Cavalry Archer |
| 24:21 | Queue | Villager (Male) |
| 24:32 | Queue | Cavalry Archer |
| 24:32 | Queue | Cavalry Archer |
| 24:33 | Queue | Cavalry Archer |
| 24:38 | Build | Farm |
| 24:39 | Queue | Villager (Male) |
| 24:40 | Queue | Villager (Male) |
| 24:42 | Queue | Villager (Male) |
| 24:47 | Queue | Cavalry Archer |
Match timeline
| 4:09 | ♣ Juanmpi ♣ · first_building Barracks |
| 7:29 | 赤いドラゴン · first_building Barracks |
| 8:01 | 赤いドラゴン · age_up feudal |
| 8:32 | 赤いドラゴン · first_building Stable |
| 8:49 | 赤いドラゴン · wall_segment Palisade Wall x1 |
| 8:51 | 赤いドラゴン · wall_segment Palisade Wall x1 |
| 8:53 | 赤いドラゴン · wall_segment Palisade Wall x1 |
| 9:05 | 赤いドラゴン · wall_segment Palisade Wall x1 |
| 9:08 | 赤いドラゴン · wall_segment Palisade Wall x1 |
| 10:44 | ♣ Juanmpi ♣ · wall_segment Palisade Wall x13 |
| 11:22 | ♣ Juanmpi ♣ · age_up feudal |
| 11:44 | ♣ Juanmpi ♣ · wall_segment Palisade Wall x4 |
| 11:55 | 赤いドラゴン · first_building Archery Range |
| 12:02 | 赤いドラゴン · wall_segment Palisade Wall x3 |
| 12:06 | 赤いドラゴン · wall_segment Palisade Wall x1 |
| 12:19 | ♣ Juanmpi ♣ · wall_segment Palisade Wall x1 |
| 13:23 | ♣ Juanmpi ♣ · wall_segment Palisade Wall x5 |
| 13:59 | ♣ Juanmpi ♣ · first_building Archery Range |
| 14:10 | 赤いドラゴン · wall_segment Palisade Wall x1 |
| 14:12 | 赤いドラゴン · wall_segment Palisade Wall x1 |
| 14:13 | 赤いドラゴン · wall_segment Palisade Wall x1 |
| 15:16 | ♣ Juanmpi ♣ · wall_segment Palisade Wall x6 |
| 16:20 | ♣ Juanmpi ♣ · wall_segment Palisade Wall x1 |
| 17:24 | ♣ Juanmpi ♣ · first_building Stable |
| 17:33 | ♣ Juanmpi ♣ · wall_segment Palisade Wall x1 |
| 17:35 | ♣ Juanmpi ♣ · wall_segment Palisade Wall x1 |
| 17:36 | ♣ Juanmpi ♣ · wall_segment Palisade Wall x1 |
| 17:37 | ♣ Juanmpi ♣ · wall_segment Palisade Wall x1 |
| 21:24 | 赤いドラゴン · wall_segment Palisade Wall x4 |
| 21:26 | 赤いドラゴン · wall_segment Palisade Wall x6 |
| 21:50 | ♣ Juanmpi ♣ · first_market_buy 100 food |
| 21:52 | ♣ Juanmpi ♣ · first_market_sell 100 stone |
| 21:53 | 赤いドラゴン · wall_segment Palisade Wall x1 |
| 22:10 | 赤いドラゴン · age_up castle |
| 23:09 | 赤いドラゴン · first_market_sell 100 wood |
| 23:33 | ♣ Juanmpi ♣ · wall_segment Palisade Wall x1 |
| 24:38 | ♣ Juanmpi ♣ · age_up castle |
| 25:24 | 赤いドラゴン · wall_segment Palisade Wall x1 |
| 27:01 | ♣ Juanmpi ♣ · wall_segment Palisade Wall x1 |
| 27:01 | ♣ Juanmpi ♣ · wall_segment Palisade Wall x1 |
| 27:39 | ♣ Juanmpi ♣ · wall_segment Palisade Wall x5 |
| 27:56 | 赤いドラゴン · wall_segment Palisade Wall x2 |
| 27:58 | 赤いドラゴン · wall_segment Palisade Wall x6 |
| 28:25 | ♣ Juanmpi ♣ · resign |
[ AI ANALYSIS · 1 CREDIT ]
What really happened in this match?
Wolo.gg analyzes every decision: build order, eco, micro, common mistakes by bracket. Personalized analysis on WhatsApp or Discord in 30 seconds.
Civ guide
Armenians
Perfil
♣ Juanmpi ♣